AoeStats
← Jaguar82

Arabia

510671300Analyzed
1v1 RM · 13h ago on Oct 2, 2026· 49m 12s· 2 players
Game mode
Random Map
Map size
Tiny (2 player)
Population
200
Speed
Normal
Resources
Standard
Victory
Conquest
Starting age
Dark Age
Ending age
Imperial Age
RankedLock teamsTeams togetherTeam positionsShared explorationLock speedFull tech treeHidden civsTurbo modeCheats
Victory
Defeat
🇲🇽 Khitans · Mexico
1489
+14
🇺🇸 Japanese · United States
1456
-14
Meek27
6:40 Loom
9:14 Feudal Age
9:53 Double-Bit Axe
20:16 Castle Age
18:53 Gold Mining
18:49 Horse Collar
19:59 Padded Archer Armor
19:49 Fletching
20:55 Bodkin Arrow
20:21 Crossbowman
21:20 Pikeman
23:25 Scale Mail Armor
24:55 Wheelbarrow
24:37 Padded Archer Armor
26:07 Squires
26:49 Forging
27:27 Bow Saw
29:13 Hand Cart
30:58 Thumb Ring
34:24 Imperial Age
33:49 Chain Mail Armor
34:17 Iron Casting
34:39 Yasama
35:48 Bracer
36:45 Conscription
38:47 Elite Skirmisher
39:39 Halberdier
41:56 Plate Mail Armor
47:23 Blast Furnace
46:38 Leather Archer Armor
47:26 Blast Furnace
47:04 Town Watch
Jaguar82
5:42 Loom
5:51 Loom
9:06 Feudal Age
9:52 Double-Bit Axe
12:40 Forging
16:24 Scale Barding Armor
21:53 Castle Age
20:02 Domestication
20:29 Gold Mining
21:43 Wheelbarrow
21:44 Fletching
21:56 Light Cavalry
24:44 Husbandry
25:15 Bow Saw
26:23 Bodkin Arrow
26:28 Padded Archer Armor
31:10 Clinker Construction
33:47 Imperial Age
31:49 Thumb Ring
31:05 Elite Skirmisher
33:57 Hand Cart
33:28 Town Watch
34:34 Bracer
35:06 Lamellar Armor
35:22 Conscription
36:30 Hussar
38:41 Chain Barding Armor
39:22 Iron Casting
40:15 Conscription
41:15 Conscription
41:03 Ordo Cavalry
41:18 Conscription
41:18 Clinker Construction
42:09 Murder Holes
42:25 Clinker Construction
46:11 Chemistry
45:22 Clinker Construction
46:43 Ballistics
47:04 Masonry
47:04 Clinker Construction
Connection lost

Rejoining the realm…

Still unreachable

The connection could not be restored.

Session expired

The server has moved on; the page needs a fresh start.